 Dungeon Crawl Stone Soup version 0.25-a0-737-g26c3a87c45 (webtiles) character file.

Game seed: 3632643465358353777, levelgen mode: deterministic

11 Maedhros the Charlatan (level 2, -7/18 HPs)
             Began as an Octopode Artificer on Apr 12, 2020.
             Was an Initiate of Cheibriados.
             Killed by divine providence
             ... invoked by an orc priest
              (16 damage)
             ... on level 4 of the Dungeon.
             The game lasted 00:01:06 (180 turns).

Maedhros the Charlatan (Octopode Artificer)          Turns: 180, Time: 00:01:07

Health: -7/18      AC:  1    Str: 12    XL:     2   Next: 29%
Magic:  4/4        EV: 13    Int: 14    God:    Cheibriados [......]
Gold:   0          SH:  0    Dex: 13    Spells: 1/1 levels left

rFire    . . .     SeeInvis .   a - +0 short sword
rCold    . . .     Gourm    .   (no shield)
rNeg     . . .     Faith    .   (helmet restricted)
rPois    .         Spirit   .   (no amulet)
rElec    .         Reflect  .   (no ring)
rCorr    .         Harm     .   (no ring)
MR       .....                  (no ring)
Stlth    +++.......             (no ring)
HPRegen  0.06/turn              (no ring)
MPRegen  0.09/turn              (no ring)
                                (no ring)
                                (no ring)

@: slow
A: almost no armour, stealthy swim, amphibious, 8 rings, constrict 8, camouflage
1, gelatinous body 1
a: Bend Time, Renounce Religion


You were on level 4 of the Dungeon.
You worshipped Cheibriados.
Cheibriados was noncommittal.
You were not hungry.

You visited 2 branches of the dungeon, and saw 5 of its levels.

Inventory:

Hand Weapons
 a - a +0 short sword (weapon)
Missiles
 g - 9 poisoned darts (quivered)
Wands
 b - a wand of flame (15)
 c - a wand of enslavement (12)
 d - a wand of random effects (14)
Potions
 e - a potion of heal wounds {unknown}
 h - a potion of mutation {unknown}
Comestibles
 f - 2 rations


   Skills:
 - Level 1.0 Fighting
 - Level 1.0 Short Blades
 - Level 2.0 Dodging
 + Level 2.5 Stealth
 + Level 1.2 Unarmed Combat
 - Level 3.2 Evocations


You had one spell level left.
You didn't know any spells.
Your spell library was empty.

Dungeon Overview and Level Annotations

Branches:
Dungeon (4/15)             Temple (1/1) D:4

Altars:
Ashenzari
Cheibriados
Dithmenos
Elyvilon
Kikubaaqudgha
Makhleb
Ru
Uskayaw
Vehumet
Wu Jian
Xom
Zin
The Shining One

Annotations:
D:2 Robin


Innate Abilities, Weirdness & Mutations

You cannot wear most types of armour.
You are very stealthy in the water. (Stealth+)
You are amphibious.
You can wear up to eight rings at the same time.
You can use your tentacles to constrict eight enemies at once.
Your skin changes colour to match your surroundings (Stealth+).
Your rubbery body absorbs attacks. (AC +1, EV +1)


Message History

The orc shouts!
What are your orders? t - Shout!
Orders for allies: a - Attack new target. p - Attack previous target. r - Retreat! s - Stop attacking. g - Guard the area. f - Follow me.
Anything else - Cancel.
Guard this area!
The orc priest begins to cast a cantrip, but forgets the words!
Your scorpion stings the orc priest!
The orc priest is poisoned.
Your scorpion poisons the orc priest!
You hit the orc priest but do no damage.
Your grab misses the orc priest.
The orc priest is heavily wounded.
The orc priest mumbles some strange prayers to Beogh against you.
Pain shoots through your body!
The orc priest calls down the wrath of Beogh upon something.
Beogh smites you!
Ouch! That really hurt!
You die...

############
#........<.#
#..........#
#..........#
#..........#
#........†.#
#>..#.8.#..#
#..........#
#...8.@.8..#
#.....os..[#
#...#.8.#..#
######.##.##


#oo .# ##. .. . . .# You could see 2 orc priests, an orc and a friendly
scorpion.

Vanquished Creatures
  An adder (D:4)
  A bat (D:2)
  3 frilled lizards
5 creatures vanquished.

Notes
Turn   | Place    | Note
-------+----------+-------------------------------------------
     0 | D:1      | Maedhros the Octopode Artificer began the quest for the
                  | Orb.
     0 | D:1      | Reached XP level 1. HP: 13/13 MP: 3/3
    10 | D:2      | Noticed Robin
    63 | D:4      | Found a staircase to the Ecumenical Temple.
    66 | D:4      | Noticed a scorpion
    69 | D:4      | Reached skill level 1 in Unarmed Combat
    69 | D:4      | Reached XP level 2. HP: 18/18 MP: 4/4
    80 | Temple   | Entered the Ecumenical Temple
   159 | Temple   | Became a worshipper of Cheibriados the Contemplative
   180 | D:4      | Killed from afar by an orc priest

Levels and vault maps discovered:
D:1:      dpeg_arrival_line_fractal, layout_loops_corners
D:2:      layout_loops_cross, uniq_robin
D:3:      layout_basic, overflow_temple_1_default
D:4:      layout_rooms, minmay_temple_entry_statues_pillars, first_ration
Temple:   regret_index_temple_sphere_string

Skill      XL: |  1 |
---------------+----+-----
Stealth        | 2 |  2.5
Unarmed Combat | 1 |  1.2
Fighting       | |  1.0
Short Blades   | |  1.0
Dodging        | |  2.0
Evocations     | |  3.2

Action                   || total
-------------------------++-------
Melee: Short sword       ||     9
       Constrict         ||     1
Evoke: Wand              ||     4
 Stab: Sleeping          ||     2
Armor: Skin              ||     1
Dodge: Dodged            ||     7

Table legend:
 A = Non-vault XP
 B = Vault XP
 C = Vault XP percentage of total XP
 D = Non-vault monster count
 E = Vault monster count
 F = Vault count percentage of total count
                 A         B        C        D         E       F
            +---------+---------+-------+---------+---------+-------
      Total |      17 |       0 |   0.0 |       5 |       0 |   0.0
            +---------+---------+-------+---------+---------+-------
        D:2 |       3 |       0 |   0.0 |       3 |       0 |   0.0
        D:3 |       1 |       0 |   0.0 |       1 |       0 |   0.0
        D:4 |      13 |       0 |   0.0 |       1 |       0 |   0.0
            +---------+---------+-------+---------+---------+-------
